 Dungeon Crawl Stone Soup version 0.26-a0-812-g31a745ddcd (webtiles) character file.

Game seed: 11884453644400068420

188 vurker the Sneak (level 5, 0/37 HPs)
             Began as a Gnoll Enchanter on Dec 7, 2020.
             Was a Follower of Cheibriados.
             Slain by a steam dragon (2 damage)
             ... on level 3 of the Dungeon.
             The game lasted 00:06:05 (4485 turns).

vurker the Sneak (Gnoll Enchanter)                  Turns: 4485, Time: 00:06:05

Health: 0/37       AC:  8    Str: 12    XL:     5   Next: 67%
Magic:  12/12      EV: 11    Int: 20    God:    Cheibriados [*.....]
Gold:   168        SH:  0    Dex: 18    Spells: 13/14 levels left

rFire    . . .     SeeInvis .   a - +1 dagger
rCold    . . .     Faith    .   (no shield)
rNeg     . . .     Spirit   .   q - +0 scale mail
rPois    .         Reflect  .   (no helmet)
rElec    .         Harm     .   (no cloak)
rCorr    .         Rampage  .   n - +0 pair of gloves
MR       .....                  m - +0 pair of boots
Stlth    ++........             (no amulet)
HPRegen  0.12/turn              (no ring)
MPRegen  0.13/turn              (no ring)

@: very slow
A: distributed training, fangs 1, strong nose
a: Bend Time, Renounce Religion


You were on level 3 of the Dungeon.
You worshipped Cheibriados.
Cheibriados was aware of your devotion.
You visited 1 branch of the dungeon, and saw 4 of its levels.

You collected 168 gold pieces.

Inventory:

Hand Weapons
 a - a +1 dagger (weapon)
Armour
 m - a +0 pair of boots (worn)
   (You found it on level 2 of the Dungeon)
 n - a +0 pair of gloves (worn)
   (You found it on level 2 of the Dungeon)
 q - a +0 scale mail (worn)
   (You found it on level 2 of the Dungeon)
Scrolls
 d - 3 scrolls of amnesia {unknown}
 e - a scroll of random uselessness {unknown}
 f - a scroll of identify
 k - 2 scrolls of remove curse {unknown}
 l - a scroll of blinking {unknown}
 o - a scroll of fear
Potions
 c - a potion of resistance {unknown}
 i - a potion of might {unknown}
 p - a potion of cancellation


   Skills:
 + Level 1.6 Fighting
 + Level 3.0 Short Blades
 + Level 1.6 Long Blades
 + Level 1.6 Axes
 + Level 1.6 Maces & Flails
 + Level 1.6 Polearms
 + Level 1.6 Staves
 + Level 1.6 Slings
 + Level 1.6 Bows
 + Level 1.6 Crossbows
 + Level 1.6 Throwing
 + Level 1.6 Armour
 + Level 4.8 Dodging
 + Level 6.2 Stealth
 + Level 1.6 Shields
 + Level 1.6 Unarmed Combat
 + Level 5.2 Spellcasting
 + Level 1.2 Conjurations
 + Level 5.5 Hexes
 + Level 1.2 Summonings
 + Level 1.2 Necromancy
 + Level 1.2 Translocations
 + Level 1.2 Transmutations
 + Level 1.2 Fire Magic
 + Level 1.2 Ice Magic
 + Level 1.2 Air Magic
 + Level 1.2 Earth Magic
 + Level 1.2 Poison Magic
 + Level 1.8 Invocations
 + Level 1.6 Evocations


You had 13 spell levels left.
You knew the following spells:

 Your Spells              Type           Power        Failure   Level
a - Corona                Hex            ####...      6%          1

Your spell library contained the following spells:

 Spells                   Type           Power        Failure   Level
 Confusing Touch          Hex            ####....     19%         3
 Tukima's Dance           Hex            ####....     19%         3
 Ensorcelled Hibernation  Hex/Ice        ###...       22%         2
 Dazzling Flash           Conj/Hex       ###...       41%         3


Dungeon Overview and Level Annotations

Branches:
Dungeon (4/15)
 Temple: D:4-7

Altars:
Cheibriados
Makhleb
Okawaru
Sif Muna
Wu Jian


Innate Abilities, Weirdness & Mutations

Your experience applies equally to all skills.
You have very sharp teeth.
Your uncanny sense of smell can sniff out nearby items.


Message History

The steam dragon breathes steam at you. The ball of steam hits you!
You hit the steam dragon but do no damage.
Your bite misses the steam dragon.
You are engulfed in a cloud of scalding steam.
The steam dragon bites you but does no damage.
The steam dragon claws you but does no damage.
The steam dragon closely misses you. x2
You hit the steam dragon but do no damage.
The steam dragon bites you. The steam dragon closely misses you.
You barely miss the steam dragon. Your bite misses the steam dragon.
Unknown command.
You hit the steam dragon but do no damage.
The steam dragon barely misses you.
The steam dragon claws you but does no damage.
You closely miss the steam dragon. The steam dragon completely misses you.
The steam dragon claws you but does no damage.
You hit the steam dragon.
You bite the steam dragon, but do no damage.
The steam dragon closely misses you. x2
You hit the steam dragon. The steam dragon bites you.
The steam dragon completely misses you.
You hit the steam dragon.
You bite the steam dragon, but do no damage.
You hit the steam dragon but do no damage.
The steam dragon breathes steam at you. The ball of steam hits you!
* * * LOW HITPOINT WARNING * * *
The steam dragon misses you. The steam dragon claws you.
* * * LOW HITPOINT WARNING * * *
The steam dragon bites you.
* * * LOW HITPOINT WARNING * * *
The steam dragon closely misses you.
You hit the steam dragon but do no damage.
You feel better. The steam dragon closely misses you.
The steam dragon barely misses you.
Your scale mail prevents you from hitting the steam dragon.
The steam dragon barely misses you. The steam dragon claws you.
* * * LOW HITPOINT WARNING * * *
You barely miss the steam dragon.
You bite the steam dragon, but do no damage.
The steam dragon bites you.
* * * LOW HITPOINT WARNING * * *
The steam dragon claws you but does no damage.
You closely miss the steam dragon. The steam dragon bites you.
* * * LOW HITPOINT WARNING * * *
The steam dragon claws you but does no damage.
You hit the steam dragon but do no damage.
The steam dragon bites you.
You die...

..##....(..........#............#
................#..###.###.##...#
..####...........(...............
.#####.####...##.[.###.#.##....##
..............##...###...##....##
###W#######.#.##..........#....##
#.# #.#....).(...........##
#.#######.##....>###.#.##.#####
###.W...W.......@D.).............
..#.#######.##.#######(#.##......
....# #.##.# #.#.######## ..#.#
#####.##.# #.#.######## ..#.#
#........## #.#.##...... ..#.#
#.........# #.#.##....## ....#
#.).......# #.#.##....# .####
#.........# #.#.##....# .#
#.........# #.#.##....#


You could see a steam dragon.

Vanquished Creatures
  A hound (D:2)
  Jessica (D:3)
  7 adders
  An ooze (D:2)
  2 worms
  A dart slug (D:3)
  A leopard gecko (D:1)
  An orc (D:3)
  3 giant cockroaches (D:3)
  9 goblins
  7 hobgoblins
  7 kobolds
  3 quokkas (D:3)
  4 ball pythons
  7 bats
  2 frilled lizards (D:2)
  3 rats
60 creatures vanquished.

Notes
Turn   | Place    | Note
-------+----------+-------------------------------------------
     0 | D:1      | vurker the Gnoll Enchanter began the quest for the Orb.
     0 | D:1      | Reached XP level 1. HP: 13/13 MP: 6/6
   241 | D:1      | Reached XP level 2. HP: 19/19 MP: 7/7
  1094 | D:2      | Reached skill level 5 in Spellcasting
  1094 | D:2      | Reached XP level 3. HP: 10/25 MP: 7/9
  1360 | D:2      | Reached skill level 6 in Stealth
  1419 | D:2      | Reached skill level 1 in Invocations
  1637 | D:2      | Reached skill level 1 in Fighting
  1637 | D:2      | Reached skill level 1 in Long Blades
  1637 | D:2      | Reached skill level 1 in Axes
  1637 | D:2      | Reached skill level 1 in Maces & Flails
  1637 | D:2      | Reached skill level 1 in Polearms
  1637 | D:2      | Reached skill level 1 in Staves
  1637 | D:2      | Reached skill level 1 in Slings
  1637 | D:2      | Reached skill level 1 in Bows
  1637 | D:2      | Reached skill level 1 in Crossbows
  1637 | D:2      | Reached skill level 1 in Throwing
  1637 | D:2      | Reached skill level 1 in Armour
  1637 | D:2      | Reached skill level 1 in Shields
  1637 | D:2      | Reached skill level 1 in Unarmed Combat
  1637 | D:2      | Reached skill level 1 in Evocations
  1856 | D:2      | Found a shimmering blue altar of Sif Muna.
  1925 | D:2      | Found a burning altar of Makhleb.
  1928 | D:2      | Reached XP level 4. HP: 32/32 MP: 11/11
  2124 | D:2      | Reached skill level 1 in Conjurations
  2124 | D:2      | Reached skill level 1 in Summonings
  2124 | D:2      | Reached skill level 1 in Necromancy
  2124 | D:2      | Reached skill level 1 in Translocations
  2124 | D:2      | Reached skill level 1 in Transmutations
  2124 | D:2      | Reached skill level 1 in Fire Magic
  2124 | D:2      | Reached skill level 1 in Ice Magic
  2124 | D:2      | Reached skill level 1 in Air Magic
  2124 | D:2      | Reached skill level 1 in Earth Magic
  2124 | D:2      | Reached skill level 1 in Poison Magic
  2513 | D:2      | Found an ornate altar of the Wu Jian Council.
  2634 | D:3      | Found an iron altar of Okawaru.
  2634 | D:3      | Found a snail-covered altar of Cheibriados.
  2781 | D:3      | Became a worshipper of Cheibriados the Contemplative
  2843 | D:3      | Noticed Jessica
  2861 | D:3      | Killed Jessica
  2861 | D:3      | Reached XP level 5. HP: 37/37 MP: 12/12
  3456 | D:3      | Reached * piety under Cheibriados
  3843 | D:4      | Noticed a phantom
  3846 | D:4      | Noticed a phantom
  4456 | D:4      | Noticed a steam dragon
  4485 | D:3      | Slain by a steam dragon

Illustrated notes

Levels and vault maps discovered:
D:1:      nagdon_arrival_zigzag_paths, layout_loops_ring, corexii_hall_statues_i
D:2:      layout_rooms, marbit_many_paths, old_standard_altar,
          makhleb_blood_cavern_becter
D:3:      layout_basic, gammafunk_temple_overflow_statue, uniq_jessica
D:4:      layout_basic, lemuel_coloured_pillars_altar

Skill      XL: |  1  2  3  4  5 |
---------------+----------------+-----
Spellcasting   | 5 |  5.2
Stealth        | 6 |  6.2
Invocations    | 1 |  1.8
Fighting       | 1 |  1.6
Long Blades    | 1 |  1.6
Axes           | 1 |  1.6
Maces & Flails | 1 |  1.6
Polearms       | 1 |  1.6
Staves         | 1 |  1.6
Slings         | 1 |  1.6
Bows           | 1 |  1.6
Crossbows      | 1 |  1.6
Throwing       | 1 |  1.6
Armour         | 1 |  1.6
Shields        | 1 |  1.6
Unarmed Combat | 1 |  1.6
Evocations     | 1 |  1.6
Conjurations   | 1 |  1.2
Summonings     | 1 |  1.2
Necromancy     | 1 |  1.2
Translocations | 1 |  1.2
Transmutations | 1 |  1.2
Fire Magic     | 1 |  1.2
Ice Magic      | 1 |  1.2
Air Magic      | 1 |  1.2
Earth Magic    | 1 |  1.2
Poison Magic   | 1 |  1.2
Short Blades   | 3 |  3.0
Dodging        | |  4.8
Hexes          | |  5.5

Action                   |  1- 3 |  4- 6 || total
-------------------------+-------+-------++-------
Melee: Dagger            |   110 |   186 ||   296
       Bite              |    12 |    29 ||    41
       Punch             |       |     1 ||     1
  Use: Scroll            |       |     4 ||     4
       Potion            |       |     4 ||     4
 Stab: Sleeping          |     7 |    11 ||    18
Armor: Robe              |    17 |    19 ||    36
       Scale mail        |       |    10 ||    10
Dodge: Dodged            |    67 |   131 ||   198

Table legend: (Time is in decaauts)
 A = Elapsed time spent in this place.
 B = Non-inter-level travel time spent in this place.
 C = Inter-level travel time spent in this place.
 D = Time resting spent in this place.
 E = Time spent auto-exploring this place.
 F = Levels seen in this place.
 G = Mean time per level.
                   A        B        C        D        E       F      G
               +--------+--------+--------+--------+--------+-----+--------+
         Total |   4675 |   4513 |    162 |   1020 |   2701 |   4 | 1168.8 |
       Dungeon |   4675 |   4513 |    162 |   1020 |   2701 |   4 | 1168.8 |
               +--------+--------+--------+--------+--------+-----+--------+

Top non-repeatable levels by time:
     D:2: 1990 daAuts
     D:3: 1359 daAuts
     D:1: 1268 daAuts
     D:4: 56 daAuts
